 Dungeon Crawl Stone Soup version 0.31-a0-271-gb88eb75e06 (webtiles) character file.

Game seed: 11078475236751060844

160 Maratek the Covered (level 6, -4/44 HPs)
             Began as a Meteoran Fighter on July 14, 2023.
             Slain by an ogre
             ... wielding a +0 giant spiked club
              (23 damage)
             ... on level 4 of the Dungeon.
             The game lasted 00:06:49 (1642 turns).

Maratek the Covered (Meteoran Fighter)              Turns: 1642, Time: 00:06:50

Health: -4/44      AC:  7    Str: 17    XL:     6   Next: 1%
Magic:  7/7        EV:  9    Int: 12    God:
Gold:   152        SH:  5    Dex: 14    Spells: 5/5 levels left

rFire   . . .        a - +0 flail
rCold   . . .        c - +0 buckler
rNeg    . . .        b - +0 scale mail
rPois   .            (no helmet)
rElec   .            h - scarf {repulsion}
rCorr   +            (no gloves)
SInv    +            (no boots)
Will    .....        (no amulet) Stlth
                     f - ring of see invisible
HPRegen 0.27/turn    k - ring of resist corrosion
MPRegen 0.10/turn

%: repel missiles
@: glowing
A: sense surroundings 1, otherworldly, glowing, explore regen
a: no special abilities


You were on level 4 of the Dungeon.
You visited 1 branch of the dungeon, and saw 4 of its levels.

You collected 152 gold pieces.

Inventory:

Hand Weapons
 a - a +0 flail (weapon)
Armour
 b - a +0 scale mail (worn)
 c - a +0 buckler (worn)
 h - a scarf of repulsion (worn)
 p - a +0 cloak
Jewellery
 f - a ring of see invisible (left hand)
 k - a ring of resist corrosion (right hand)
 q - a ring of wizardry
 t - a +6 ring of intelligence
Scrolls
 e - a scroll of teleportation {unknown}
 i - a scroll of vulnerability {unknown}
 j - 3 scrolls of enchant weapon {unknown}
 l - 2 scrolls of identify {unknown}
Potions
 d - a potion of might
 g - 2 potions of curing {unknown}
 m - a potion of heal wounds {unknown}
 n - 2 potions of invisibility {unknown}
 o - 2 potions of brilliance {unknown}
 r - a potion of cancellation {unknown}
 s - a potion of lignification {unknown}


   Skills:
 + Level 3.8 Fighting
 + Level 4.7 Maces & Flails
 + Level 4.7 Armour
 + Level 1.5 Dodging
 + Level 4.3 Shields


You had 5 spell levels left.
You didn't know any spells.
Your spell library contained the following spells:

 Spells                   Type           Power      Damage    Failure   Level
 Freeze                   Ice            0%         1d3       80%         1
 Slow                     Hex            0%         N/A       80%         1
 Summon Small Mammal      Summ           0%         N/A       80%         1
 Wereblood                Tmut           0%         N/A       90%         2
 Call Canine Familiar     Summ           0%         N/A       99%         3
 Confusing Touch          Hex            0%         N/A       99%         3
 Frozen Ramparts          Ice            0%         1d1       99%         3
 Hailstorm                Conj/Ice       0%         3d3       99%         3
 Summon Guardian Golem    Hex/Summ       0%         N/A       99%         3
 Vampiric Draining        Necr           0%         2d6       99%         3
 Irradiate                Conj/Tmut      0%         3d11      100%        5
 Chain Lightning          Conj/Air       0%         N/A       100%        9
 Fire Storm               Conj/Fire      0%         5d1       100%        9
 Shatter                  Erth           0%         3d5*      100%        9


Dungeon Overview and Level Annotations

Branches:
Dungeon (4/15) Zot: 912
 Temple: D:4-7

Altars:
Fedhas

Shops:
D:3 (


Innate Abilities, Weirdness & Mutations

You passively map a small area around you.
You are easily found by Zot.
You glow in the dark.
You regain HP and MP as you explore.


Message History

The giant cockroach barely misses you.
You closely miss the giant cockroach. The giant cockroach closely misses you.
You block the giant cockroach's attack.
You closely miss the giant cockroach. You block the giant cockroach's attack.
You hit the giant cockroach.
The giant cockroach is severely wounded.
The giant cockroach barely misses you.
The giant cockroach bites you but does no damage.
You hit the giant cockroach but do no damage.
The giant cockroach is severely wounded.
The giant cockroach barely misses you.
You sock the giant cockroach!
You kill the giant cockroach!
The adder closely misses you.
You barely miss the adder.
The adder is severely wounded.
The adder bites you.
You hit the adder.
You kill the adder!
Your life force feels restored.
You have reached level 6!
You feel clever.
You hit the orc.
The orc is almost dead.
The orc hits you but does no damage.
You feel drained.
You sock the orc!
You kill the orc!
Your life force feels restored.
The gnoll hits you with a +0 whip!
Things that are here:
a +0 short sword of draining; a giant cockroach corpse You barely miss the gnoll.
The gnoll hits you with a +0 whip. The gnoll hits you but does no damage.
You hit the gnoll but do no damage. The gnoll hits you but does no damage.
You hit the gnoll but do no damage. The gnoll hits you with a +0 whip.
You barely miss the gnoll. You barely miss the ogre.
The ogre hits you with a +0 giant spiked club!!
Ouch! That really hurt!
You die...

###.###.#.####
#........O..#####
#.###..........
,* #.#.####### *
* #g### #g# * *
#g# #O# , #@# #.#
,, ,* #.# #.# , *
#.. * * #.#* * *,
#.# * ... , * *
### * *


You could see an ogre and 3 gnolls.

Vanquished Creatures
  3 adders
  7 gnolls
  A worm (D:2)
  3 dart slugs (D:1)
  2 orcs
  4 bats
  4 endoplasms (D:2)
  3 giant cockroaches
  11 goblins
  2 hobgoblins
  4 kobolds
  A quokka (D:4)
  5 ball pythons
  3 frilled lizards
  3 rats
56 creatures vanquished.

Vanquished Creatures (others)
  A frilled lizard (D:1)
1 creature vanquished.

Grand Total: 57 creatures vanquished

Notes
Turn   | Place    | Note
-------+----------+-------------------------------------------
     0 | D:1      | Maratek the Meteoran Fighter began the quest for the Orb.
     0 | D:1      | Reached XP level 1. HP: 19/19 MP: 2/2
    45 | D:1      | Reached XP level 2. HP: 24/26 MP: 3/3
   150 | D:1      | Reached XP level 3. HP: 31/31 MP: 4/4
   486 | D:1      | Glimpsed the power of Zot.
   524 | D:1      | Found a faded altar of an unknown god.
   536 | D:1      | Glimpsed the power of Zot.
   575 | D:1      | Glimpsed the power of Zot.
   585 | D:1      | Touched by the power of Zot (MHP 31 -> 23)
   686 | D:1      | Glimpsed the power of Zot.
   736 | D:1      | Glimpsed the power of Zot.
   846 | D:2      | Reached XP level 4. HP: 31/31 MP: 5/5
  1245 | D:2      | Reached skill level 1 in Dodging
  1245 | D:2      | Reached XP level 5. HP: 27/37 MP: 6/6
  1270 | D:2      | Glimpsed the power of Zot.
  1319 | D:2      | Glimpsed the power of Zot.
  1324 | D:3      | Found a blossoming altar of Fedhas.
  1324 | D:3      | Found Soesyol's Weapon Shop.
  1575 | D:4      | Noticed an ogre
  1635 | D:4      | Reached XP level 6. HP: 32/44 MP: 7/7
  1642 | D:4      | Slain by an ogre

Illustrated notes

Levels and vault maps discovered:
D:1:      spicycebolla_arrival_clurvy, layout_basic,
          shapermc_ecumenical_altar_venn, minmay_split_cup_large
D:2:      layout_basic
D:3:      layout_loops_ring, grunt_gozag_statues, fedhas_altar_1, serial_shops,
          nicolae_square_shop, uniq_ijyb, uniq_jessica
D:4:      layout_basic, minmay_temple_entry_glass

Skill      XL: |  1  2  3  4 |
---------------+-------------+-----
Armour         | 4 |  4.7
Maces & Flails | 3 4 |  4.7
Shields        | 4 |  4.3
Dodging        | 1 |  1.5
Fighting       | |  3.8

Action                     |  1- 3 |  4- 6 || total
---------------------------+-------+-------++-------
  Melee: Flail             |    83 |   105 ||   188
 Armour: Scale mail        |    80 |    76 ||   156
  Dodge: Dodged            |    45 |    48 ||    93
         Repelled          |     1 |       ||     1
  Block: Buckler           |    37 |    35 ||    72

Table legend: (Time is in decaauts)
 A = Elapsed time spent in this place.
 B = Non-inter-level travel time spent in this place.
 C = Inter-level travel time spent in this place.
 D = Time resting spent in this place.
 E = Time spent auto-exploring this place.
 F = Levels seen in this place.
 G = Mean time per level.
                   A        B        C        D        E       F      G
               +--------+--------+--------+--------+--------+-----+--------+
         Total |   1687 |   1687 |      0 |      0 |    898 |   4 |  421.8 |
       Dungeon |   1687 |   1687 |      0 |      0 |    898 |   4 |  421.8 |
               +--------+--------+--------+--------+--------+-----+--------+

Top non-repeatable levels by time:
     D:1: 779 daAuts
     D:2: 576 daAuts
     D:3: 254 daAuts
     D:4: 77 daAuts
